 Dungeon Sprint DCSS version 0.23.0 (webtiles) character file.

Game seed: 14028100968315670282

316365 Groucho the Acrobat (level 14, 64/82 HPs)
             Began as a Spriggan Enchanter on Feb 9, 2019.
             Was the Champion of Dithmenos.
             Escaped with the Orb!
             The game lasted 00:42:07 (6249 turns).

Groucho the Acrobat (Spriggan Enchanter)            Turns: 6249, Time: 00:42:08

Health: 64/82      AC: 11    Str: 10    XL:     14   Next: 64%
Magic:  34/40      EV: 38    Int: 22    God:    Dithmenos [******]
Gold:   3998       SH:  0    Dex: 19    Spells: 25/55 levels left

rFire    + + .     SeeInvis +   N - +6 short sword (distort)
rCold    + . .     Gourm    .   (shield restricted)
rNeg     . . .     Faith    .   I - +2 robe {rF+}
rPois    .         Spirit   .   F - +2 hat {SInv}
rElec    +         Reflect  .   J - +2 cloak {MR+}
rCorr    .         Harm     .   (gloves unavailable)
MR       +++..     NoTele   +   (boots unavailable)
Stlth    ++++++....             (no amulet)
HPRegen  0.23/turn              A - ring of wizardry
MPRegen  0.27/turn              C - ring of Faoci {+Fly rF+ Str+3 Slay-5}

@: wreathed by umbra, very quick
A: very small, unfitting armour, icy blue scales 1, camouflage 2, see invisible,
agile 1, clever 2, cold resistance 1, herbivore, speed 3, electricity
resistance, slow metabolism 2
0: Orb of Zot
a: Shadow Step, Shadow Form, Renounce Religion, Evoke Flight


You escaped.
You worshipped Dithmenos.
Dithmenos was exalted by your worship.
You were not hungry.

You visited 1 branch You collected 5457 gold pieces.
You spent 1459 gold pieces at shops.

Inventory:

Hand Weapons
 a - a +1 dagger (quivered)
 N - a +6 short sword of distortion (weapon)
Armour
 F - a +2 hat of see invisible (worn)
 I - a +2 robe of fire resistance (worn)
 J - a +2 cloak of magic resistance (worn)
 K - a +2 robe of positive energy
Jewellery
 c - an uncursed amulet of regeneration
 f - a cursed amulet of guardian spirit
 v - an uncursed ring of magical power
 A - a ring of wizardry (left hand)
 C - the ring of Faoci (right hand) {+Fly rF+ Str+3 Slay-5}
   (You found it in the Dungeon)

   [ring of protection from fire]

   It affects your strength (+3).
   It affects your accuracy and damage with ranged weapons and melee attacks
   (-5).
   It protects you from fire.
   It lets you fly.
 D - an uncursed amulet of guardian spirit
 E - an uncursed amulet of faith
 L - an uncursed ring of ice
 M - a +3 ring of protection
Wands
 w - a wand of digging (5)
 H - a wand of polymorph (11)
Scrolls
 e - 2 scrolls of fear
 l - 6 scrolls of remove curse {unknown}
 m - 3 scrolls of identify
 n - 2 scrolls of amnesia {unknown}
 s - 4 scrolls of enchant armour
 y - 5 scrolls of fog {unknown}
 z - a scroll of magic mapping
 B - 7 scrolls of acquirement {unknown}
Potions
 g - 3 potions of flight
 h - 5 potions of magic
 i - a potion of berserk rage
 j - 4 potions of haste
 k - 2 potions of mutation
 o - 2 potions of invisibility
 q - 3 potions of resistance {unknown}
 r - 3 potions of lignification {unknown}
 t - a potion of cancellation {unknown}
 u - 3 potions of curing
 x - a potion of brilliance {unknown}
 G - a potion of experience {unknown}
Comestibles
 d - 7 rations


   Skills:
 + Level 13.3 Fighting
 + Level 18.4 Short Blades
 + Level 22.8 Dodging
 - Level 20.3 Stealth
 + Level 21.4 Spellcasting
 - Level 17.0 Hexes
 + Level 17.6 Translocations


You had 25 spell levels left.
You knew the following spells:

 Your Spells              Type           Power        Failure   Level  Hunger
a - Corona                Hex            #######      0%          1    None
b - Ensorcelled Hibernat  Hex/Ice        ######       1%          2    None
c - Confuse               Hex            #######.     0%          3    None
d - Dazzling Spray        Conj/Hex       ######       1%          3    None
e - Invisibility          Hex            #######.     1%          6    ###....
f - Apportation           Tloc           ######       0%          1    None
g - Tukima's Dance        Hex            #######.     0%          3    None
h - Vampiric Draining     Necr           ###.......   2%          3    None
i - Controlled Blink      Tloc           N/A          3%          8    ######.

Your spell library contained the following spells:

 Spells                   Type           Power        Failure   Level  Hunger
 Slow                     Hex            #######.     0%          2    None
 Gell's Gravitas          Tloc           #######...   0%          3    None
 Lesser Beckoning         Tloc           #######...   0%          3    None
 Portal Projectile        Hex/Tloc       ######       0%          3    None
 Cause Fear               Hex            #######...   0%          4    None
 Animate Skeleton         Necr           N/A          1%          1    None
 Infusion                 Chrm           ###.         1%          1    None
 Magic Dart               Conj           ###.         1%          1    None
 Pain                     Necr           ###.         1%          1    None
 Summon Butterflies       Summ           ###.....     1%          1    None
 Song of Slaying          Chrm           ###.....     1%          2    None
 Swiftness                Chrm/Air       ###.....     1%          2    None
 Inner Flame              Hex/Fire       ######..     1%          3    None
 Spectral Weapon          Hex/Chrm       ######..     1%          3    None
 Force Lance              Conj/Tloc      ######..     1%          4    None
 Fulminant Prism          Conj/Hex       ######....   1%          4    None
 Leda's Liquefaction      Hex/Erth       ######....   1%          4    None
 Metabolic Englaciation   Hex/Ice        ######....   1%          5    None
 Silence                  Hex/Air        ######....   1%          5    None
 Yara's Violent Unravell  Hex/Tmut       ######....   1%          5    None
 Dispersal                Tloc           #######...   1%          6    ###....
 Conjure Flame            Conj/Fire      ###.....     2%          3    None
 Ignite Poison            Fire/Tmut/Pois ###.....     2%          3    None
 Regeneration             Chrm/Necr      ###.......   2%          3    None
 Disjunction              Tloc           #######...   3%          8    ######.
 Animate Dead             Necr           N/A          8%          4    None
 Ice Form                 Ice/Tmut       ###.....     8%          4    None
 Alistair's Intoxication  Tmut/Pois      ###.....     21%         5    None
 Bolt of Magma            Conj/Fire/Erth ###.......   21%         5    None
 Fireball                 Conj/Fire      ###.......   21%         5    None
 Irradiate                Conj/Tmut      ###.......   21%         5    None
 Bolt of Cold             Conj/Ice       ###.......   71%         6    ###....
 Bolt of Fire             Conj/Fire      ###.......   71%         6    ###....
 Freezing Cloud           Conj/Ice/Air   ###.......   71%         6    ###....
 Hydra Form               Tmut           ###.......   71%         6    ###....
 Iron Shot                Conj/Erth      ###.......   71%         6    ###....
 Ozocubu's Refrigeration  Ice            ###.......   71%         6    ###....
 Simulacrum               Ice/Necr       ###.......   71%         6    ###....
 Statue Form              Tmut/Erth      ###......    71%         6    ###....
 Ring of Flames           Chrm/Fire      ###.......   99%         7    #####..
 Ignition                 Fire           ###.......   100%        8    ######.
 Shatter                  Erth           ###.......   100%        9    #######


Dungeon Overview and Level Annotations

Branches:
Dungeon (1/1)

Altars:
Cheibriados
Dithmenos
Elyvilon
Fedhas
Gozag
Hepliaklqana
Kikubaaqudgha
Makhleb
Nemelex Xobeh
Okawaru
Qazlal
Ru
Sif Muna
Trog
Uskayaw
Vehumet
Wu Jian
Xom
Yredelemnul
Zin
The Shining One
Beogh
Jiyva
Lugonu

Shops:
D :*?[}*(?=:%!*[*=}=!?((:}[

Annotations:
D exclusion: Sonja, Murray


Innate Abilities, Weirdness & Mutations

You are very small and have problems with some larger weapons.
You are too small for most types of armour.
You have supernaturally acute eyesight. (SInv)
You are a herbivore.
You cover ground extremely quickly.
You need to consume almost no food.
You are partially covered in icy blue scales. (AC +2)
Your skin blends seamlessly with your surroundings (Stealth++).
You are agile. (Dex +2)
Your mind is very acute. (Int +4)
Your flesh is cold resistant. (rC+)
You are resistant to electric shocks. (rElec)


Message History

You hit the great orb of eyes but do no damage.
The great orb of eyes is moderately wounded.
The great orb of eyes blinks!
You see here a +1 dagger.
You hit the great orb of eyes but do no damage.
Space bends around the great orb of eyes.
The great orb of eyes is moderately wounded.
You barely miss the great orb of eyes.
The great orb of eyes is moderately wounded.
The great orb of eyes misses you.
You hit the great orb of eyes but do no damage.
The great orb of eyes is moderately wounded.
The great orb of eyes disappears!
No target in view!
No target in view!
No target in view!
a - a +1 dagger
There is an open door here.
There is a staircase leading out of the dungeon, spattered with blood here.
You have escaped!

##########≈≈#+++#+++#####..^.#.##
#########≈≈≈.........#..'....#..#
....∩.∩.#≈≈≈≈.##'##..#..####[#..#
...∩.∩..#≈≈≈≈##.#.##.####..'.##.#
..∩.∩...#≈≈≈≈#..#..#....#..#...##
.⌠.∩....#≈≈#####.#*###..#####..##
..∩.∩...#≈##.###'###.##..#..'..#.
...∩.∩..#≈#...##.##.#.#..#..#.^#.
....∩.∩.'≈'.##'.@.'##.'..####..##
.....∩.∩#≈###.##.###..#....###...
▓▓▓▓▓▓###≈##.###'###.##......≈≈≈≈
...######≈≈####.#.####≈≈.§...≈#'#
.)[#).'^##≈≈≈#.###.#≈≈≈≈≈≈≈..≈#._
∩..'..#'##'#≈##.#.##≈≈≈≈≈≈§≈.≈#..
...#.##.##.#≈≈##+##≈≈≈≈≈≈§§≈≈§#._
..[###§≈§####≈≈≈≈≈≈≈≈≈≈§§§≈≈§≈#_.
#'###.§≈§≈#,#+++#+++#≈§≈≈≈≈≈≈≈#._


There were no monsters in sight!

Vanquished Creatures
  the Lernaean hydra (D)
  A golden dragon (D)
  An electric golem (D)
  A hellephant (D)
  A deep elf master archer (D)
  A deep elf blademaster (D)
  3 quicksilver dragons (D)
  A kraken (D)
  2 sphinxes (D)
  A storm dragon (D)
  Gastronok (D)
  Roxanne (D)
  A draconian knight (D)
  A draconian shifter (D)
  Nessos (D)
  3 lorocyprocas (D)
  A dire elephant (D)
  A crystal guardian (D)
  A fire dragon (D)
  A great orb of eyes (D)
  A death yak (D)
  An iron elemental (D)
  2 hell hogs (D)
  An iron golem (D)
  Sonja (D)
  3 sixfirhies (D)
  A glowing orange brain (D)
  2 death drakes (D)
  2 unseen horrors (D)
  2 deep trolls (D)
  A shadow demon (D)
  A harpy (D)
  3 orc sorcerers (D)
  15 shining eyes (D)
  An oklob plant (D)
  3 toenail golems (D)
  An eye of devastation (D)
  A yaktaur (D)
  5 polar bears (D)
  A hornet (D)
  3 slime creatures (D)
  5 hippogriffs (D)
  6 flying skulls (D)
  3 yaks (D)
  4 neqoxecs (D)
  A vampire mosquito (D)
  Menkaure (D)
  10 floating eyes (D)
  2 swamp drakes (D)
  3 black bears (D)
  3 crocodiles (D)
  2 earth elementals (D)
  9 electric eels (D)
  4 lava snakes (D)
  4 orc priests (D)
  A jelly (D)
  4 worker ants (D)
  3 worms (D)
  5 ballistomycetes (D)
146 creatures vanquished.

Vanquished Creatures (others)
  A crocodile (D)
  2 ballistomycete spores (D)
  8 tentacles (D)
11 creatures vanquished.

Grand Total: 157 creatures vanquished

Notes
Turn   | Place    | Note
-------+----------+-------------------------------------------
     0 | D        | Groucho the Spriggan Enchanter began the quest for the Orb.
     0 | D        | Reached XP level 1. HP: 9/9 MP: 5/5
     4 | D        | Reached skill level 5 in Stealth
     8 | D        | Reached XP level 2. HP: 13/13 MP: 5/7
    34 | D        | Learned a level 2 spell: Ensorcelled Hibernation
    38 | D        | Reached skill level 5 in Hexes
    38 | D        | Reached XP level 3. HP: 13/16 MP: 3/10
    77 | D        | Killed a crocodile
   358 | D        | Reached skill level 5 in Spellcasting
   366 | D        | Reached skill level 10 in Stealth
   366 | D        | Reached XP level 4. HP: 16/21 MP: 4/12
   636 | D        | Noticed a neqoxec
   642 | D        | Learned a level 3 spell: Confuse
   646 | D        | Learned a level 3 spell: Dazzling Spray
   649 | D        | Killed a neqoxec
   649 | D        | Reached XP level 5. HP: 24/24 MP: 14/16
   650 | D        | Noticed a neqoxec
   651 | D        | Killed a neqoxec
   651 | D        | Reached XP level 6. HP: 28/28 MP: 14/18
   652 | D        | Noticed a neqoxec
   652 | D        | Noticed a neqoxec
   654 | D        | Killed a neqoxec
   654 | D        | Reached skill level 15 in Stealth
   656 | D        | Killed a neqoxec
   656 | D        | Reached skill level 10 in Hexes
   656 | D        | Reached XP level 7. HP: 32/32 MP: 15/21
   668 | D        | Noticed a hippogriff
   668 | D        | Noticed a hippogriff
   671 | D        | Killed a hippogriff
   671 | D        | Reached skill level 10 in Spellcasting
   674 | D        | Killed a hippogriff
   674 | D        | Reached skill level 4 in Dodging
   693 | D        | Found Vaycs's Distillery.
   693 | D        | Found Qiphoas's Jewellery Boutique.
   693 | D        | Found Laamm's Assorted Antiques.
   693 | D        | Found Eshuwath's Distillery.
   693 | D        | Found Elidd's Food Shop.
   693 | D        | Found Rafofuda's Antique Armour Shop.
   693 | D        | Found Zah Eseno's Book Boutique.
   694 | D        | Found Waxyeb's Jewellery Boutique.
   694 | D        | Found Kyosoel's Magic Scroll Shop.
   694 | D        | Found Meicrydgh's Antique Weapon Boutique.
   694 | D        | Found Hixumini's Gadget Shop.
   695 | D        | Found Harutoci's Jewellery Boutique.
   695 | D        | Found Ymicur's General Store.
   695 | D        | Found Abyuneabue's Gadget Shop.
   695 | D        | Found Luleagab's Antique Armour Boutique.
   695 | D        | Noticed Menkaure
   695 | D        | Noticed a death yak
   697 | D        | Noticed a great orb of eyes
   766 | D        | Noticed an oklob plant
   767 | D        | Killed Menkaure
   767 | D        | Reached XP level 8. HP: 27/36 MP: 20/23
   768 | D        | Found Duonufom's Book Shoppe.
   787 | D        | Noticed a hell hog
   806 | D        | Bought a book of Party Tricks for 550 gold pieces
   822 | D        | Bought a potion of flight for 33 gold pieces
   834 | D        | Learned a level 6 spell: Invisibility
   848 | D        | Found a glowing silver altar of Zin.
   849 | D        | Found a glowing golden altar of the Shining One.
   849 | D        | Found a basalt altar of Yredelemnul.
   849 | D        | Found a hide-covered altar of Uskayaw.
   850 | D        | Found a shimmering altar of Xom.
   850 | D        | Found a bloodstained altar of Trog.
   851 | D        | Found an ornate altar of the Wu Jian Council.
   851 | D        | Found a deep blue altar of Sif Muna.
   851 | D        | Found a corrupted altar of Lugonu.
   851 | D        | Found a radiant altar of Vehumet.
   851 | D        | Found a burning altar of Makhleb.
   852 | D        | Found a sacrificial altar of Ru.
   852 | D        | Found an ancient bone altar of Kikubaaqudgha.
   852 | D        | Found a white marble altar of Elyvilon.
   857 | D        | Found a stormy altar of Qazlal.
   857 | D        | Found a viscous altar of Jiyva.
   857 | D        | Found a shadowy altar of Dithmenos.
   858 | D        | Found a hazy altar of Hepliaklqana.
   858 | D        | Found a snail-covered altar of Cheibriados.
   860 | D        | Found a roughly hewn altar of Beogh.
   860 | D        | Found a sparkling altar of Nemelex Xobeh.
   860 | D        | Found a blossoming altar of Fedhas.
   860 | D        | Noticed a hornet
   860 | D        | Noticed a polar bear
   861 | D        | Found an opulent altar of Gozag.
   861 | D        | Found an iron altar of Okawaru.
   861 | D        | Noticed a yaktaur
   866 | D        | Became a worshipper of Dithmenos the Shadowed
   874 | D        | Noticed a polar bear
   874 | D        | Noticed a polar bear
   875 | D        | Killed a polar bear
   875 | D        | Reached skill level 5 in Dodging
   876 | D        | Killed a polar bear
   876 | D        | Reached skill level 6 in Dodging
   878 | D        | Killed a polar bear
   878 | D        | Reached * piety under Dithmenos
   878 | D        | Reached skill level 5 in Short Blades
   878 | D        | Reached skill level 7 in Dodging
   879 | D        | Killed a hornet
   881 | D        | Killed a yaktaur
   881 | D        | Reached skill level 8 in Dodging
   881 | D        | Reached XP level 9. HP: 33/39 MP: 13/26
  1125 | D        | Noticed a death drake
  1129 | D        | Reached ** piety under Dithmenos
  1131 | D        | Reached skill level 9 in Dodging
  1136 | D        | Noticed a death drake
  1136 | D        | Noticed a crystal guardian
  1139 | D        | Killed a crystal guardian
  1139 | D        | Reached *** piety under Dithmenos
  1139 | D        | Reached skill level 10 in Dodging
  1141 | D        | Killed a death drake
  1141 | D        | Reached skill level 11 in Dodging
  1141 | D        | Reached XP level 10. HP: 44/44 MP: 22/28
  1143 | D        | Killed a death drake
  1143 | D        | Reached **** piety under Dithmenos
  1178 | D        | Noticed a deep elf master archer
  1184 | D        | Killed a deep elf master archer
  1184 | D        | Reached skill level 10 in Short Blades
  1184 | D        | Reached skill level 13 in Dodging
  1193 | D        | Noticed an unseen horror
  1193 | D        | Noticed an unseen horror
  1195 | D        | Killed an unseen horror
  1195 | D        | Reached ***** piety under Dithmenos
  1197 | D        | Killed an unseen horror
  1197 | D        | Reached XP level 11. HP: 53/53 MP: 30/30
  1208 | D        | Noticed a shining eye
  1208 | D        | Noticed a shining eye
  1208 | D        | Noticed a fire dragon
  1208 | D        | Noticed a shining eye
  1209 | D        | Noticed an iron elemental
  1213 | D        | Reached skill level 15 in Hexes
  1221 | D        | Killed a shining eye
  1221 | D        | Reached skill level 14 in Dodging
  1221 | D        | Reached skill level 15 in Spellcasting
  1224 | D        | HP: 1/54 [polar bear (3)]
  1244 | D        | Reached ****** piety under Dithmenos
  1245 | D        | Killed a shining eye
  1245 | D        | Reached skill level 5 in Fighting
  1249 | D        | Gained mutation: Your magical capacity is low. (-10% MP) [a
                  | shining eye]
  1252 | D        | Killed a fire dragon
  1253 | D        | Gained mutation: Your spells are a little easier to cast,
                  | but a little less powerful. [a shining eye]
  1258 | D        | Killed a shining eye
  1342 | D        | Killed an iron elemental
  1342 | D        | Reached skill level 15 in Dodging
  1717 | D        | Noticed a kraken
  1728 | D        | Killed a kraken
  1948 | D        | Bought a wand of digging (7) for 286 gold pieces
  2041 | D        | Noticed a deep troll
  2042 | D        | Noticed a deep troll
  2050 | D        | Killed a deep troll
  2060 | D        | Killed a deep troll
  2351 | D        | Noticed a sphinx
  2352 | D        | Noticed a sphinx
  2353 | D        | Killed a sphinx
  2353 | D        | Reached skill level 16 in Dodging
  2353 | D        | Reached XP level 12. HP: 58/63 MP: 25/30
  2354 | D        | Killed a sphinx
  2368 | D        | Learned a level 1 spell: Apportation
  2372 | D        | Learned a level 3 spell: Tukima's Dance
  2376 | D        | Learned a level 3 spell: Vampiric Draining
  2438 | D        | Noticed Sonja
  2438 | D        | Noticed a hellephant
  2440 | D        | Noticed a white draconian shifter
  2441 | D        | Killed a white draconian shifter
  2441 | D        | Reached skill level 17 in Dodging
  2444 | D        | Killed a hellephant
  2444 | D        | Reached skill level 5 in Translocations
  2446 | D        | Killed Sonja
  2496 | D        | Noticed a deep elf blademaster
  2503 | D        | Killed a deep elf blademaster
  2503 | D        | Reached skill level 18 in Dodging
  2766 | D        | Noticed a dire elephant
  2769 | D        | Killed a dire elephant
  2769 | D        | Reached XP level 13. HP: 61/71 MP: 21/32
  2800 | D        | Identified Sif Muna's Compendium of Augmentations and Shape
                  | Shifting
  2821 | D        | Got a sparkling silver ring
  2822 | D        | Identified Mamaxt's Catalogue of Gliding Curses
  2853 | D        | Noticed Gastronok
  2855 | D        | Killed Gastronok
  2855 | D        | Reached skill level 10 in Fighting
  2855 | D        | Reached skill level 15 in Short Blades
  2855 | D        | Reached skill level 10 in Translocations
  2925 | D        | Reached skill level 19 in Dodging
  3002 | D        | Found Soxtomem's Book Shoppe.
  3003 | D        | Found Niexiu's Weapon Boutique.
  3018 | D        | Identified Omnaozx Adee's Disquisition on Flames and
                  | Enchantment
  3021 | D        | Identified the Volume of Hurtful Flames
  3066 | D        | Found Tivuepp's Magic Scroll Shoppe.
  3082 | D        | Bought a scroll of enchant weapon for 75 gold pieces
  3082 | D        | Bought a scroll of enchant armour for 75 gold pieces
  3082 | D        | Bought a scroll of identify for 20 gold pieces
  3082 | D        | Bought a scroll of identify for 20 gold pieces
  3083 | D        | Noticed the 27-headed Lernaean hydra
  3085 | D        | Killed the 27-headed Lernaean hydra
  3093 | D        | Noticed a white draconian knight
  3094 | D        | Noticed Roxanne
  3095 | D        | Killed a white draconian knight
  3095 | D        | Reached skill level 20 in Dodging
  3697 | D        | Found Fileucs's Assorted Antiques.
  3699 | D        | Found Laeffamm's Assorted Antiques.
  3700 | D        | Noticed Nessos
  3702 | D        | Killed Nessos
  3772 | D        | Killed Roxanne
  3801 | D        | Learned a level 8 spell: Controlled Blink
  3873 | D        | Identified the ring of Faoci {+Fly rF+ Str+3 Slay-5} (You
                  | found it in the Dungeon)
  4126 | D        | Paralysed by a floating eye for 2 turns
  4140 | D        | Paralysed by a floating eye for 3 turns
  4141 | D        | Gained mutation: You can translocate small distances at
                  | will. [a shining eye]
  4142 | D        | Gained mutation: Your spells are easier to cast, but less
                  | powerful. [a shining eye]
  4154 | D        | Gained mutation: You are clumsy. (Dex -2) [a shining eye]
  4182 | D        | Paralysed by a floating eye for 3 turns
  4186 | D        | Gained mutation: You are partially covered in iridescent
                  | scales. (AC +2) [a shining eye]
  4187 | D        | Gained mutation: You are frail. (-10% HP) [a shining eye]
  4188 | D        | Reached skill level 21 in Dodging
  4201 | D        | Gained mutation: Your body sometimes deteriorates upon
                  | taking damage. [a shining eye]
  4203 | D        | Gained mutation: You are very clumsy. (Dex -4) [a shining
                  | eye]
  4211 | D        | Reached XP level 14. HP: 71/71 MP: 20/35
  4216 | D        | Gained mutation: Your spells are much easier to cast, but
                  | much less powerful. [a shining eye]
  4238 | D        | Gained mutation: You occasionally shout uncontrollably at
                  | your foes. [a shining eye]
  4240 | D        | Gained mutation: You are weak. (Str -2) [a shining eye]
  4609 | D        | Lost mutation: You occasionally shout uncontrollably at
                  | your foes. [potion of mutation]
  4609 | D        | Lost mutation: Your spells are much easier to cast, but
                  | much less powerful. [potion of mutation]
  4609 | D        | Lost mutation: You are frail. (-10% HP) [potion of
                  | mutation]
  4609 | D        | Gained mutation: You are dopey. (Int -2) [potion of
                  | mutation]
  4609 | D        | Gained mutation: You are robust. (+10% HP) [potion of
                  | mutation]
  4610 | D        | Lost mutation: You are weak. (Str -2) [potion of mutation]
  4610 | D        | Lost mutation: Your body sometimes deteriorates upon taking
                  | damage. [potion of mutation]
  4610 | D        | Gained mutation: Your body sometimes deteriorates upon
                  | taking damage. [potion of mutation]
  4610 | D        | Gained mutation: You possess an exceptional clarity of
                  | mind. [potion of mutation]
  4611 | D        | Lost mutation: You are dopey. (Int -2) [potion of mutation]
  4611 | D        | Lost mutation: You possess an exceptional clarity of mind.
                  | [potion of mutation]
  4611 | D        | Lost mutation: Your body sometimes deteriorates upon taking
                  | damage. [potion of mutation]
  4611 | D        | Gained mutation: You are surrounded by a mild repulsion
                  | field. (EV +2) [potion of mutation]
  4612 | D        | Lost mutation: You are very clumsy. (Dex -4) [potion of
                  | mutation]
  4612 | D        | Lost mutation: Your spells are easier to cast, but less
                  | powerful. [potion of mutation]
  4612 | D        | Gained mutation: You have a pair of small antennae on your
                  | head. [potion of mutation]
  4612 | D        | Gained mutation: Your mind is acute. (Int +2) [potion of
                  | mutation]
  4612 | D        | Gained mutation: You are partially covered in thin metallic
                  | scales. (AC +2) [potion of mutation]
  4613 | D        | Lost mutation: Your mind is acute. (Int +2) [potion of
                  | mutation]
  4613 | D        | Lost mutation: You are clumsy. (Dex -2) [potion of
                  | mutation]
  4613 | D        | Gained mutation: Your flesh is heat resistant. (rF+)
                  | [potion of mutation]
  4613 | D        | Lost mutation: Your magical capacity is low. (-10% MP)
                  | [potion of mutation]
  4613 | D        | Lost mutation: Your spells are a little easier to cast, but
                  | a little less powerful. [potion of mutation]
  4614 | D        | Lost mutation: You are robust. (+10% HP) [potion of
                  | mutation]
  4614 | D        | Gained mutation: You passively map a small area around you.
                  | [potion of mutation]
  4614 | D        | Gained mutation: Your flesh is cold resistant. (rC+)
                  | [potion of mutation]
  4614 | D        | Gained mutation: You are covered in fur. (AC +1) [potion of
                  | mutation]
  4615 | D        | Lost mutation: Your flesh is cold resistant. (rC+) [potion
                  | of mutation]
  4615 | D        | Lost mutation: You are partially covered in iridescent
                  | scales. (AC +2) [potion of mutation]
  4615 | D        | Lost mutation: Your flesh is heat resistant. (rF+) [potion
                  | of mutation]
  4615 | D        | Gained mutation: You expend magic power (3 MP) to
                  | strengthen your wands. [potion of mutation]
  4615 | D        | Gained mutation: You are agile. (Dex +2) [potion of
                  | mutation]
  4616 | D        | Lost mutation: You expend magic power (3 MP) to strengthen
                  | your wands. [potion of mutation]
  4616 | D        | Lost mutation: You are partially covered in thin metallic
                  | scales. (AC +2) [potion of mutation]
  4616 | D        | Lost mutation: You are surrounded by a mild repulsion
                  | field. (EV +2) [potion of mutation]
  4616 | D        | Lost mutation: You passively map a small area around you.
                  | [potion of mutation]
  4616 | D        | Gained mutation: Your magical capacity is low. (-10% MP)
                  | [potion of mutation]
  4616 | D        | Gained mutation: Your flesh is cold resistant. (rC+)
                  | [potion of mutation]
  4616 | D        | Gained mutation: Your flesh is heat resistant. (rF+)
                  | [potion of mutation]
  4617 | D        | Lost mutation: Your magical capacity is low. (-10% MP)
                  | [potion of mutation]
  4617 | D        | Lost mutation: You are agile. (Dex +2) [potion of mutation]
  4617 | D        | Gained mutation: Your mind is acute. (Int +2) [potion of
                  | mutation]
  4617 | D        | Gained mutation: Your system is resistant to poisons.
                  | (rPois) [potion of mutation]
  4619 | D        | Lost mutation: Your mind is acute. (Int +2) [potion of
                  | mutation]
  4619 | D        | Lost mutation: Your system is resistant to poisons. (rPois)
                  | [potion of mutation]
  4619 | D        | Lost mutation: Your flesh is heat resistant. (rF+) [potion
                  | of mutation]
  4619 | D        | Lost mutation: You are covered in fur. (AC +1) [potion of
                  | mutation]
  4619 | D        | Gained mutation: Your spells are a little harder to cast,
                  | but a little more powerful. [potion of mutation]
  4619 | D        | Gained mutation: You expend magic power (3 MP) to
                  | strengthen your wands. [potion of mutation]
  4620 | D        | Lost mutation: You have a pair of small antennae on your
                  | head. [potion of mutation]
  4620 | D        | Lost mutation: You expend magic power (3 MP) to strengthen
                  | your wands. [potion of mutation]
  4620 | D        | Lost mutation: Your flesh is cold resistant. (rC+) [potion
                  | of mutation]
  4620 | D        | Lost mutation: Your spells are a little harder to cast, but
                  | a little more powerful. [potion of mutation]
  4620 | D        | Gained mutation: You are partially covered in thin metallic
                  | scales. (AC +2) [potion of mutation]
  4620 | D        | Gained mutation: Your movements are slightly less
                  | encumbered by armour. (ER -2) [potion of mutation]
  4621 | D        | Lost mutation: You can translocate small distances at will.
                  | [potion of mutation]
  4621 | D        | Lost mutation: Your movements are slightly less encumbered
                  | by armour. (ER -2) [potion of mutation]
  4621 | D        | Lost mutation: You are partially covered in thin metallic
                  | scales. (AC +2) [potion of mutation]
  4621 | D        | Gained mutation: You are partially covered in slimy green
                  | scales. (AC +2) [potion of mutation]
  4621 | D        | Gained mutation: You are surrounded by a mild repulsion
                  | field. (EV +2) [potion of mutation]
  4621 | D        | Gained mutation: Your muscles are strong. (Str +2) [potion
                  | of mutation]
  4621 | D        | Gained mutation: Your flesh is cold resistant. (rC+)
                  | [potion of mutation]
  4622 | D        | Lost mutation: You are surrounded by a mild repulsion
                  | field. (EV +2) [potion of mutation]
  4622 | D        | Lost mutation: You are partially covered in slimy green
                  | scales. (AC +2) [potion of mutation]
  4622 | D        | Gained mutation: You do not regenerate when monsters are
                  | visible. [potion of mutation]
  4622 | D        | Gained mutation: You are resistant to hostile enchantments.
                  | (MR+) [potion of mutation]
  4623 | D        | Lost mutation: Your muscles are strong. (Str +2) [potion of
                  | mutation]
  4623 | D        | Lost mutation: You do not regenerate when monsters are
                  | visible. [potion of mutation]
  4623 | D        | Lost mutation: Your flesh is cold resistant. (rC+) [potion
                  | of mutation]
  4623 | D        | Gained mutation: Your mind is acute. (Int +2) [potion of
                  | mutation]
  4623 | D        | Gained mutation: Your flesh is heat resistant. (rF+)
                  | [potion of mutation]
  4623 | D        | Gained mutation: You are somewhat resistant to further
                  | mutation. [potion of mutation]
  4623 | D        | Gained mutation: You have a pair of small horns on your
                  | head. [potion of mutation]
  4624 | D        | Lost mutation: You are somewhat resistant to further
                  | mutation. [potion of mutation]
  4624 | D        | Lost mutation: Your flesh is heat resistant. (rF+) [potion
                  | of mutation]
  4624 | D        | Gained mutation: Your flesh is heat resistant. (rF+)
                  | [potion of mutation]
  4624 | D        | Gained mutation: Your movements are slightly less
                  | encumbered by armour. (ER -2) [potion of mutation]
  4624 | D        | Gained mutation: Your flesh is cold resistant. (rC+)
                  | [potion of mutation]
  4625 | D        | Lost mutation: Your mind is acute. (Int +2) [potion of
                  | mutation]
  4625 | D        | Lost mutation: You are resistant to hostile enchantments.
                  | (MR+) [potion of mutation]
  4625 | D        | Gained mutation: You expend magic power (3 MP) to
                  | strengthen your wands. [potion of mutation]
  4626 | D        | Lost mutation: Your flesh is heat resistant. (rF+) [potion
                  | of mutation]
  4626 | D        | Lost mutation: You expend magic power (3 MP) to strengthen
                  | your wands. [potion of mutation]
  4626 | D        | Lost mutation: You have a pair of small horns on your head.
                  | [potion of mutation]
  4626 | D        | Lost mutation: Your flesh is cold resistant. (rC+) [potion
                  | of mutation]
  4626 | D        | Gained mutation: You are frail. (-10% HP) [potion of
                  | mutation]
  4626 | D        | Gained mutation: Your muscles are strong. (Str +2) [potion
                  | of mutation]
  4627 | D        | Lost mutation: You are frail. (-10% HP) [potion of
                  | mutation]
  4627 | D        | Lost mutation: Your movements are slightly less encumbered
                  | by armour. (ER -2) [potion of mutation]
  4627 | D        | Lost mutation: Your muscles are strong. (Str +2) [potion of
                  | mutation]
  4627 | D        | Gained mutation: You have sharp fingernails. [potion of
                  | mutation]
  4627 | D        | Gained mutation: Your muscles are strong. (Str +2) [potion
                  | of mutation]
  4627 | D        | Gained mutation: You have a pair of small antennae on your
                  | head. [potion of mutation]
  4627 | D        | Gained mutation: You are resistant to hostile enchantments.
                  | (MR+) [potion of mutation]
  4628 | D        | Lost mutation: You have sharp fingernails. [potion of
                  | mutation]
  4628 | D        | Lost mutation: You have a pair of small antennae on your
                  | head. [potion of mutation]
  4628 | D        | Gained mutation: Your body sometimes deteriorates upon
                  | taking damage. [potion of mutation]
  4628 | D        | Gained mutation: You are partially covered in thin metallic
                  | scales. (AC +2) [potion of mutation]
  4629 | D        | Lost mutation: Your body sometimes deteriorates upon taking
                  | damage. [potion of mutation]
  4629 | D        | Lost mutation: Your muscles are strong. (Str +2) [potion of
                  | mutation]
  4629 | D        | Lost mutation: You are resistant to hostile enchantments.
                  | (MR+) [potion of mutation]
  4629 | D        | Lost mutation: You are partially covered in thin metallic
                  | scales. (AC +2) [potion of mutation]
  4629 | D        | Gained mutation: Your system is resistant to poisons.
                  | (rPois) [potion of mutation]
  4629 | D        | Gained mutation: Your skin changes colour to match your
                  | surroundings (Stealth+). [potion of mutation]
  4630 | D        | Lost mutation: Your system is resistant to poisons. (rPois)
                  | [potion of mutation]
  4630 | D        | Gained mutation: You do not regenerate when monsters are
                  | visible. [potion of mutation]
  4630 | D        | Gained mutation: Your spells are a little easier to cast,
                  | but a little less powerful. [potion of mutation]
  4630 | D        | Gained mutation: You expend magic power (3 MP) to
                  | strengthen your wands. [potion of mutation]
  4631 | D        | Lost mutation: You do not regenerate when monsters are
                  | visible. [potion of mutation]
  4631 | D        | Lost mutation: You expend magic power (3 MP) to strengthen
                  | your wands. [potion of mutation]
  4631 | D        | Lost mutation: Your spells are a little easier to cast, but
                  | a little less powerful. [potion of mutation]
  4631 | D        | Gained mutation: You are partially covered in yellow
                  | scales. (AC +2) [potion of mutation]
  4631 | D        | Gained mutation: Your spells are a little harder to cast,
                  | but a little more powerful. [potion of mutation]
  4632 | D        | Lost mutation: Your spells are a little harder to cast, but
                  | a little more powerful. [potion of mutation]
  4632 | D        | Lost mutation: You are partially covered in yellow scales.
                  | (AC +2) [potion of mutation]
  4632 | D        | Gained mutation: Armour fits poorly on your strangely
                  | shaped body. [potion of mutation]
  4632 | D        | Gained mutation: Your movements are slightly less
                  | encumbered by armour. (ER -2) [potion of mutation]
  4633 | D        | Lost mutation: Your movements are slightly less encumbered
                  | by armour. (ER -2) [potion of mutation]
  4633 | D        | Lost mutation: Armour fits poorly on your strangely shaped
                  | body. [potion of mutation]
  4633 | D        | Gained mutation: You are weak. (Str -2) [potion of
                  | mutation]
  4633 | D        | Gained mutation: You have sharp toenails. [potion of
                  | mutation]
  4634 | D        | Lost mutation: You are weak. (Str -2) [potion of mutation]
  4634 | D        | Lost mutation: You have sharp toenails. [potion of
                  | mutation]
  4634 | D        | Gained mutation: You are robust. (+10% HP) [potion of
                  | mutation]
  4634 | D        | Gained mutation: You have sharp fingernails. [potion of
                  | mutation]
  4634 | D        | Gained mutation: Your muscles are strong. (Str +2) [potion
                  | of mutation]
  4635 | D        | Lost mutation: You are robust. (+10% HP) [potion of
                  | mutation]
  4635 | D        | Lost mutation: Your muscles are strong. (Str +2) [potion of
                  | mutation]
  4635 | D        | Gained mutation: You occasionally shout uncontrollably at
                  | your foes. [potion of mutation]
  4635 | D        | Gained mutation: You are weak. (Str -2) [potion of
                  | mutation]
  4635 | D        | Gained mutation: You are partially covered in icy blue
                  | scales. (AC +2) [potion of mutation]
  4636 | D        | Lost mutation: You are weak. (Str -2) [potion of mutation]
  4636 | D        | Lost mutation: You occasionally shout uncontrollably at
                  | your foes. [potion of mutation]
  4636 | D        | Gained mutation: Your spells are a little easier to cast,
                  | but a little less powerful. [potion of mutation]
  4636 | D        | Gained mutation: You tend to lose your temper in combat.
                  | [potion of mutation]
  4636 | D        | Gained mutation: You are somewhat resistant to further
                  | mutation. [potion of mutation]
  4636 | D        | Gained mutation: You are robust. (+10% HP) [potion of
                  | mutation]
  4637 | D        | Lost mutation: Your spells are a little easier to cast, but
                  | a little less powerful. [potion of mutation]
  4637 | D        | Lost mutation: You are somewhat resistant to further
                  | mutation. [potion of mutation]
  4637 | D        | Gained mutation: You are resistant to hostile enchantments.
                  | (MR+) [potion of mutation]
  4637 | D        | Gained mutation: Your muscles are strong. (Str +2) [potion
                  | of mutation]
  4637 | D        | Gained mutation: You are agile. (Dex +2) [potion of
                  | mutation]
  4638 | D        | Lost mutation: You are robust. (+10% HP) [potion of
                  | mutation]
  4638 | D        | Gained mutation: Your skin blends seamlessly with your
                  | surroundings (Stealth++). [potion of mutation]
  4639 | D        | Lost mutation: You are agile. (Dex +2) [potion of mutation]
  4639 | D        | Lost mutation: You have sharp fingernails. [potion of
                  | mutation]
  4639 | D        | Lost mutation: Your muscles are strong. (Str +2) [potion of
                  | mutation]
  4639 | D        | Gained mutation: Armour fits poorly on your strangely
                  | shaped body. [potion of mutation]
  4639 | D        | Lost mutation: Armour fits poorly on your strangely shaped
                  | body. [potion of mutation]
  4639 | D        | Gained mutation: You are resistant to electric shocks.
                  | (rElec) [potion of mutation]
  4640 | D        | Lost mutation: You tend to lose your temper in combat.
                  | [potion of mutation]
  4640 | D        | Lost mutation: You are resistant to hostile enchantments.
                  | (MR+) [potion of mutation]
  4640 | D        | Gained mutation: You are agile. (Dex +2) [potion of
                  | mutation]
  4640 | D        | Gained mutation: Your flesh is cold resistant. (rC+)
                  | [potion of mutation]
  4640 | D        | Gained mutation: Your mind is acute. (Int +2) [potion of
                  | mutation]
  4640 | D        | Gained mutation: Your mind is very acute. (Int +4) [potion
                  | of mutation]
  4851 | D        | Noticed an electric golem
  4853 | D        | Killed an electric golem
  4853 | D        | Reached skill level 15 in Translocations
  5548 | D        | Noticed a golden dragon
  5551 | D        | Killed a golden dragon
  5559 | D        | Found Uvaumape's Antique Armour Boutique.
  5559 | D        | Found Femoteur's Gadget Shop.
  5559 | D        | Found Uway's Antique Weapon Emporium.
  5559 | D        | Found Xoqous's Magic Scroll Boutique.
  5559 | D        | Noticed a storm dragon
  5562 | D        | Killed a storm dragon
  5562 | D        | Reached skill level 22 in Dodging
  5568 | D        | Bought a glowing dagger for 155 gold pieces
  5568 | D        | Bought a glowing dagger for 155 gold pieces
  5569 | D        | Bought a scroll of enchant weapon for 90 gold pieces
  5702 | D        | Noticed a quicksilver dragon
  5702 | D        | Noticed a quicksilver dragon
  5704 | D        | Killed a quicksilver dragon
  5706 | D        | Killed a quicksilver dragon
  5784 | D        | Noticed a quicksilver dragon
  5786 | D        | Killed a quicksilver dragon
  5952 | D        | Noticed Murray
  5961 | D        | Got the Orb of Zot
  6217 | D        | Noticed an Executioner
  6249 | D        | Escaped with the Orb!

Skill      XL: |  1  2  3  4  5  6  7  8  9 10 11 12 13 14 |
---------------+-------------------------------------------+-----
Stealth        | 6 8 10 13 14 16 17 18 19 20 | 20.3
Spellcasting   | 3 4 5 7 8 9 10 12 13 14 16 18 20 21 | 21.4
Hexes          | 4 5 6 8 9 10 11 12 13 14 16 17 | 17.0
Short Blades   | 3 6 8 10 12 14 16 18 | 18.4
Dodging        | 4 8 11 13 16 18 21 22 | 22.8
Fighting       | 4 7 9 11 13 | 13.3
Translocations | 9 14 17 | 17.6

Action                   |  1- 3 |  4- 6 |  7- 9 | 10-12 | 13-15 || total
-------------------------+-------+-------+-------+-------+-------++-------
Melee: Dagger            |     6 |     5 |    20 |   101 |   117 ||   249
       Short sword       |       |       |       |       |    44 ||    44
 Cast: Ensorcelled Hiber |     5 |       |       |    14 |     8 ||    27
       Confuse           |       |       |     1 |    12 |     4 ||    17
       Corona            |       |       |     1 |       |       ||     1
       Invisibility      |       |       |     3 |     4 |     4 ||    11
       Dazzling Spray    |       |       |       |    13 |    39 ||    52
       Controlled Blink  |       |       |       |       |     1 ||     1
Invok: Shadow Step       |       |       |       |     3 |     3 ||     6
 Abil: Evoke Flight      |       |       |       |       |     2 ||     2
Evoke: Wand              |       |       |       |       |     2 ||     2
  Use: Potion            |       |       |     2 |     8 |    40 ||    50
       Scroll            |       |       |       |     3 |    13 ||    16
 Stab: Sleeping          |     6 |     5 |    14 |    37 |    43 ||   105
       Confused          |       |       |     1 |     8 |     1 ||    10
       Invisible         |       |       |       |     8 |    14 ||    22
  Eat: Ration            |       |       |       |     1 |     3 ||     4
Armor: Robe              |       |       |       |     2 |     2 ||     4
Dodge: Dodged            |     2 |       |     3 |    78 |    35 ||   118
